TOP OF THE 1ST |
Delaware 1787 BC batting - Pitching for Highwood Hawks : RHP Carlos Garza
|
Pitching: RHP Carlos Garza
|
|
Batting: RHB José López
|
0-0: Ball 1-0: Ball 2-0: Foul Ball, location: 2F 2-1: Called Strike 2-2: Ball 3-2: Strikes out swinging
|
Batting: RHB Gianpaolo Monachino
|
0-0: Ball 1-0: Ball 2-0: Fly out, F4 (Popup, 8LS)
|
Batting: RHB Gilberto Rodríguez
|
0-0: Called Strike 0-1: Ball 1-1: Ball 2-1: Called Strike 2-2: Ground out 5-3 (Groundball, 5)
|
Top of the 1st over - 0 run(s), 0 hit(s), 0 error(s), 0 left on base; Delaware 0 - Highwood 0 |
BOTTOM OF THE 1ST |
Highwood Hawks batting - Pitching for Delaware 1787 BC : RHP Jesús Guerra
|
Pitching: RHP Jesús Guerra
|
|
Batting: RHB Pepe Álvarez
|
0-0: Called Strike 0-1: Called Strike 0-2: Ball 1-2: Fly out, F2 (Popup, 2RF)
|
Batting: RHB Júlio Becerra
|
0-0: Ball 1-0: Foul Ball, location: 2F 1-1: Fly out, F7 (Flyball, 7M)
|
Batting: RHB António Acosta
|
0-0: Foul Ball, location: 2F 0-1: SINGLE (Line Drive, 89M)
|
Batting: LHB Scott Janousek
|
0-0: Ball 1-0: Fielders Choice at 2nd, U6 (Groundball, 6M)
|
Bottom of the 1st over - 0 run(s), 1 hit(s), 0 error(s), 1 left on base; Delaware 0 - Highwood 0 |
TOP OF THE 2ND |
Delaware 1787 BC batting - Pitching for Highwood Hawks : RHP Carlos Garza
|
Batting: RHB Julián García
|
0-0: Ball 1-0: Called Strike 1-1: Ball 2-1: SINGLE (Groundball, 56)
|
Batting: RHB Jorge Figueroa
|
0-0: Ball 1-0: Ball 2-0: Called Strike 2-1: Fly out, F9 (Flyball, 9S)
|
Batting: RHB Cristián Alfonso
|
0-0: Ball 1-0: Hit by Pitch Julián García to second
|
Batting: LHB Russ Hanneman
|
0-0: Called Strike 0-1: Ball 1-1: Called Strike 1-2: Ball 2-2: Strikes out swinging
|
Batting: LHB Ward Wilberfoss
|
0-0: Called Strike 0-1: Foul Ball, location: 2F 0-2: Ball 1-2: Foul Ball, location: 2F 1-2: Strikes out swinging
|
Top of the 2nd over - 0 run(s), 1 hit(s), 0 error(s), 2 left on base; Delaware 0 - Highwood 0 |
BOTTOM OF THE 2ND |
Highwood Hawks batting - Pitching for Delaware 1787 BC : RHP Jesús Guerra
|
Batting: RHB James Hill
|
0-0: Ground out 4-3 (Groundball, 4M)
|
Batting: SHB Gabriel Pittman
|
0-0: Swinging Strike 0-1: Ball 1-1: Foul Ball, location: 2F 1-2: Ball 2-2: Ball 3-2: Ground out 4-3 (Groundball, 4)
|
Batting: RHB Robert Emmet Odlum
|
0-0: Ball 1-0: DOUBLE (Line Drive, 7LD)
|
Batting: RHB Rojo Nasution
|
0-0: Foul Ball, location: 2F 0-1: Ball 1-1: Ball 2-1: Ground out 4-3 (Groundball, 4M)
|
Bottom of the 2nd over - 0 run(s), 1 hit(s), 0 error(s), 1 left on base; Delaware 0 - Highwood 0 |
TOP OF THE 3RD |
Delaware 1787 BC batting - Pitching for Highwood Hawks : RHP Carlos Garza
|
Batting: RHB Thurman Blumer
|
0-0: Called Strike 0-1: Swinging Strike 0-2: Ball 1-2: Ball 2-2: Fly out, F9 (Line Drive, 89M)
|
Batting: RHB José López
|
0-0: Swinging Strike 0-1: Called Strike 0-2: Ground out 5-3 (Groundball, 56)
|
Batting: RHB Gianpaolo Monachino
|
0-0: Fly out, F3 (Popup, 3F)
|
Top of the 3rd over - 0 run(s), 0 hit(s), 0 error(s), 0 left on base; Delaware 0 - Highwood 0 |
BOTTOM OF THE 3RD |
Highwood Hawks batting - Pitching for Delaware 1787 BC : RHP Jesús Guerra
|
Batting: RHB Harry Freidricks
|
0-0: Fly out, F6 (Line Drive, 6)
|
Batting: RHB Pepe Álvarez
|
0-0: Called Strike 0-1: Called Strike 0-2: Foul Ball, location: 2F 0-2: Ball 1-2: Ball 2-2: Strikes out swinging
|
Batting: RHB Júlio Becerra
|
0-0: Ball 1-0: Swinging Strike 1-1: Ball 2-1: Foul Ball, location: 2F 2-2: Strikes out swinging
|
Bottom of the 3rd over - 0 run(s), 0 hit(s), 0 error(s), 0 left on base; Delaware 0 - Highwood 0 |
TOP OF THE 4TH |
Delaware 1787 BC batting - Pitching for Highwood Hawks : RHP Carlos Garza
|
Batting: RHB Gilberto Rodríguez
|
0-0: Ball 1-0: Swinging Strike 1-1: SINGLE (Groundball, 56D)
|
Batting: RHB Julián García
|
0-0: Swinging Strike 0-1: Ball 1-1: Grounds into double play, 6-4-3 (Groundball, 6M)
|
Batting: RHB Jorge Figueroa
|
0-0: Ball 1-0: Swinging Strike 1-1: SINGLE (Line Drive, 56D)
|
Batting: RHB Cristián Alfonso
|
0-0: Ball 1-0: Ball 2-0: Ball 3-0: Called Strike 3-1: Called Strike 3-2: Foul Ball, location: 2F 3-2: Fly out, F8 (Flyball, 8LM)
|
Top of the 4th over - 0 run(s), 2 hit(s), 0 error(s), 1 left on base; Delaware 0 - Highwood 0 |
BOTTOM OF THE 4TH |
Highwood Hawks batting - Pitching for Delaware 1787 BC : RHP Jesús Guerra
|
Batting: RHB António Acosta
|
0-0: Called Strike 0-1: Called Strike 0-2: Strikes out swinging
|
Batting: LHB Scott Janousek
|
0-0: Foul Ball, location: 2F 0-1: Ground out 4-3 (Groundball, 4)
|
Batting: RHB James Hill
|
0-0: Called Strike 0-1: Swinging Strike 0-2: Ball 1-2: Ball 2-2: Strikes out looking
|
Bottom of the 4th over - 0 run(s), 0 hit(s), 0 error(s), 0 left on base; Delaware 0 - Highwood 0 |
TOP OF THE 5TH |
Delaware 1787 BC batting - Pitching for Highwood Hawks : RHP Carlos Garza
|
Batting: LHB Russ Hanneman
|
0-0: Ball 1-0: Foul Ball, location: 2F 1-1: Ball 2-1: Foul Ball, location: 2F 2-2: Foul Ball, location: 2F 2-2: Strikes out looking
|
Batting: LHB Ward Wilberfoss
|
0-0: Ball 1-0: Ball 2-0: Called Strike 2-1: Foul Ball, location: 2F 2-2: Ball 3-2: Strikes out looking
|
Batting: RHB Thurman Blumer
|
0-0: Ball 1-0: Called Strike 1-1: Ball 2-1: Ground out 5-3 (Groundball, 5)
|
Top of the 5th over - 0 run(s), 0 hit(s), 0 error(s), 0 left on base; Delaware 0 - Highwood 0 |
BOTTOM OF THE 5TH |
Highwood Hawks batting - Pitching for Delaware 1787 BC : RHP Jesús Guerra
|
Batting: SHB Gabriel Pittman
|
0-0: Ball 1-0: Called Strike 1-1: Ground out 1-3 (Groundball, 13S)
|
Batting: RHB Robert Emmet Odlum
|
0-0: Called Strike 0-1: Ground out 5-3 (Groundball, 5)
|
Batting: RHB Rojo Nasution
|
0-0: Called Strike 0-1: Ball 1-1: Ball 2-1: Called Strike 2-2: Foul Ball, location: 2F 2-2: Ball 3-2: Foul Ball, location: 2F 3-2: Base on Balls
|
Batting: RHB Harry Freidricks
|
0-0: Ground out 4-3 (Groundball, 4)
|
Bottom of the 5th over - 0 run(s), 0 hit(s), 0 error(s), 1 left on base; Delaware 0 - Highwood 0 |
TOP OF THE 6TH |
Delaware 1787 BC batting - Pitching for Highwood Hawks : RHP Carlos Garza
|
Batting: RHB José López
|
0-0: Called Strike 0-1: Foul Ball, location: 2F 0-2: Ground out 4-3 (Groundball, 6M)
|
Batting: RHB Gianpaolo Monachino
|
0-0: Called Strike 0-1: Ball 1-1: Swinging Strike 1-2: Ball 2-2: Strikes out swinging
|
Batting: RHB Gilberto Rodríguez
|
0-0: Called Strike 0-1: SINGLE (Flyball, 8LS)
|
Batting: RHB Julián García
|
0-0: Called Strike 0-1: Called Strike 0-2: Foul Ball, location: 2F 0-2: Strikes out looking
|
Top of the 6th over - 0 run(s), 1 hit(s), 0 error(s), 1 left on base; Delaware 0 - Highwood 0 |
BOTTOM OF THE 6TH |
Highwood Hawks batting - Pitching for Delaware 1787 BC : RHP Jesús Guerra
|
Batting: RHB Pepe Álvarez
|
0-0: Ball 1-0: Ball 2-0: Foul Ball, location: 2F 2-1: Ground out 5-3 (Groundball, 56)
|
Batting: RHB Júlio Becerra
|
0-0: Ball 1-0: Ball 2-0: Ground out 5-3 (Groundball, 56)
|
Batting: RHB António Acosta
|
0-0: Called Strike 0-1: Ground out 4-3 (Groundball, 4)
|
Bottom of the 6th over - 0 run(s), 0 hit(s), 0 error(s), 0 left on base; Delaware 0 - Highwood 0 |
TOP OF THE 7TH |
Delaware 1787 BC batting - Pitching for Highwood Hawks : RHP Carlos Garza
|
Pinch Hitting: RHB Rick McGuire
|
0-0: Ball 1-0: Foul Ball, location: 2F 1-1: Ground out 5-3 (Groundball, 56)
|
Pinch Hitting: RHB Nobuhiko Nakayama
|
0-0: Called Strike 0-1: Called Strike 0-2: Foul Ball, location: 2F 0-2: Ball 1-2: Ground out 5-3 (Groundball, 5S)
|
Pinch Hitting: RHB Felipe Bruno
|
0-0: Ground out 1-3 (Groundball, 15)
|
Top of the 7th over - 0 run(s), 0 hit(s), 0 error(s), 0 left on base; Delaware 0 - Highwood 0 |
BOTTOM OF THE 7TH |
Highwood Hawks batting - Pitching for Delaware 1787 BC : RHP Jesús Guerra
|
Now at 1B: Felipe Bruno
|
|
Now at 2B: Raul Cate
|
|
Now in LF: Nobuhiko Nakayama
|
|
Pinch Hitting: LHB Jim Unknown
|
0-0: Swinging Strike 0-1: SINGLE (Groundball, 3S)
|
Pinch Hitting: RHB Jim Unknown
|
0-0: Called Strike 0-1: SINGLE (Groundball, 56D) Jim Unknown to second
|
Batting: SHB Gabriel Pittman
|
0-0: Bunted foul 0-1: Bunted foul 0-2: Ball 1-2: Ball 2-2: Ball 3-2: Base on Balls Jim Unknown to third Jim Unknown to second
|
Pinch Hitting: LHB Curt Wilson
|
0-0: Ball 1-0: Foul Ball, location: 2F 1-1: DOUBLE (Flyball, 89XD) Jim Unknown scores Jim Unknown scores Gabriel Pittman to third
|
Pitching: LHP Jian-gang Ow-Yang
|
|
Batting: RHB Rojo Nasution
|
0-0: Foul Ball, location: 2F 0-1: Fly out, F2 (Popup, 25F)
|
Batting: RHB Harry Freidricks
|
0-0: Intentional Walk
|
Batting: RHB Pepe Álvarez
|
0-0: Foul Ball, location: 2F 0-1: Ball 1-1: Ball 2-1: Ball 3-1: Base on Balls Gabriel Pittman scores Curt Wilson to third Harry Freidricks to second
|
Batting: RHB Júlio Becerra
|
0-0: SINGLE (Groundball, 56D) Curt Wilson scores Harry Freidricks to third Pepe Álvarez to second Runner from 3rd tries for Home, SAFE, no throw or cutoff
|
Batting: RHB António Acosta
|
0-0: Ball 1-0: Foul Ball, location: 2F 1-1: Fly out, F4 (Line Drive, 4)
|
Batting: LHB Jim Unknown
|
0-0: Ball 1-0: Foul Ball, location: 2F 1-1: Ball 2-1: Ground out 4-3 (Groundball, 34)
|
Bottom of the 7th over - 5 run(s), 4 hit(s), 0 error(s), 2 left on base; Delaware 0 - Highwood 5 |
TOP OF THE 8TH |
Delaware 1787 BC batting - Pitching for Highwood Hawks : RHP Carlos Garza
|
Now at C: Miguel De La Cruz
|
|
Now at 2B: Curt Wilson
|
|
Now at 3B: José Vela
|
|
Now in LF: Jim Unknown
|
|
Batting: LHB Ward Wilberfoss
|
0-0: Called Strike 0-1: Ball 1-1: Foul Ball, location: 2F 1-2: Ball 2-2: Strikes out looking
|
Batting: RHB Thurman Blumer
|
0-0: Called Strike 0-1: Ball 1-1: Ground out 6-3 (Groundball, 6M)
|
Batting: RHB José López
|
0-0: SINGLE (Line Drive, 4D)
|
Batting: RHB Gianpaolo Monachino
|
0-0: Ball 1-0: Ball 2-0: Called Strike 2-1: 2-RUN HOME RUN (Flyball, 78XD), Distance : 414 ft
|
Batting: RHB Gilberto Rodríguez
|
0-0: Called Strike 0-1: Foul Ball, location: 2F 0-2: Ball 1-2: Strikes out swinging
|
Top of the 8th over - 2 run(s), 2 hit(s), 0 error(s), 0 left on base; Delaware 2 - Highwood 5 |
BOTTOM OF THE 8TH |
Highwood Hawks batting - Pitching for Delaware 1787 BC : LHP Jian-gang Ow-Yang
|
Batting: LHB José Vela
|
0-0: Ball 1-0: Foul Ball, location: 2F 1-1: Swinging Strike 1-2: Ball 2-2: Ground out 5-3 (Groundball, 56)
|
Batting: SHB Gabriel Pittman
|
0-0: Ball 1-0: Ball 2-0: Ball 3-0: Called Strike 3-1: Foul Ball, location: 2F 3-2: Foul Ball, location: 2F 3-2: Foul Ball, location: 2F 3-2: Strikes out swinging
|
Batting: LHB Curt Wilson
|
0-0: Ball 1-0: Swinging Strike 1-1: Called Strike 1-2: Strikes out swinging
|
Bottom of the 8th over - 0 run(s), 0 hit(s), 0 error(s), 0 left on base; Delaware 2 - Highwood 5 |
TOP OF THE 9TH |
Delaware 1787 BC batting - Pitching for Highwood Hawks : RHP Carlos Garza
|
Pitching: RHP Olegário Pa
|
|
Batting: RHB Julián García
|
0-0: Ball 1-0: Called Strike 1-1: Ball 2-1: Foul Ball, location: 2F 2-2: Foul Ball, location: 2F 2-2: SINGLE (Line Drive, 56)
|
Batting: SHB Raul Cate
|
0-0: Called Strike 0-1: Foul Ball, location: 2F 0-2: Foul Ball, location: 2F 0-2: Ball 1-2: Ball 2-2: Strikes out swinging
|
Batting: RHB Nobuhiko Nakayama
|
0-0: Called Strike 0-1: Swinging Strike 0-2: Ball 1-2: Foul Ball, location: 2F 1-2: Foul Ball, location: 2F 1-2: Strikes out looking
|
Batting: RHB Felipe Bruno
|
0-0: Ground out 1-3 (Groundball, 15)
|
Top of the 9th over - 0 run(s), 1 hit(s), 0 error(s), 1 left on base; Delaware 2 - Highwood 5 |
|